 Dungeon Crawl Stone Soup version 0.29.0-13-gc9e81de378 (webtiles) character file.

Game seed: 11665620889063504898

3730 robertstho the Fighter (level 9, -13/126 HPs)
             Began as a Green Draconian Berserker on Sept 7, 2022.
             Was a Priest of Trog.
             Mangled by a 12-headed hydra (14 damage)
             ... on level 7 of the Dungeon.
             The game lasted 00:08:46 (9084 turns).

robertstho the Fighter (Green Draconian Berserker)  Turns: 9084, Time: 00:08:48

Health: -13/126    AC:  8    Str: 23    XL:     9   Next: 92%
Magic:  9/9        EV: 14    Int:  9    God:    Trog [***...]
Gold:   210        SH:  0    Dex: 10    Spells: 8/8 levels left

rFire   . . .      SeeInvis .   y - +1 hand axe (elec)
rCold   + . .      Faith    .   (no shield)
rNeg    . . .      Spirit   .   (body armour unavailable)
rPois   +          Reflect  .   (helmet restricted)
rElec   .          Harm     .   (no cloak)
rCorr   .          Rampage  .   C - +0 pair of gloves
Will    +....                   (no boots)
Stlth   ..........              d - amulet of the acrobat
HPRegen 0.31/turn               n - ring of willpower
MPRegen 0.11/turn               E - ring of protection from cold

@: berserking, very quick
A: breathe noxious fumes, AC +7, unfitting armour, poison resistance,
cold-blooded
a: Breathe Noxious Fumes, Renounce Religion, Berserk, Trog's Hand


You were on level 7 of the Dungeon.
You worshipped Trog.
Trog was most pleased with you.
You visited 1 branch of the dungeon, and saw 7 of its levels.

You collected 375 gold pieces.
You spent 165 gold pieces at shops.

Inventory:

Hand Weapons
 a - a +0 hand axe
 x - a +0 war axe
 y - a +1 hand axe of electrocution (weapon)
Armour
 C - a +0 pair of gloves (worn)
Jewellery
 d - an amulet of the acrobat (around neck)
 n - a ring of willpower (left hand)
 w - an amulet of guardian spirit
 E - a ring of protection from cold (right hand)
Wands
 t - a wand of polymorph (11)
Scrolls
 e - 2 scrolls of teleportation
 f - a scroll of blinking {unknown}
 i - 3 scrolls of poison
 k - a scroll of vulnerability {unknown}
 r - a scroll of enchant weapon {unknown}
 s - a scroll of torment {unknown}
 v - 3 scrolls of immolation
 z - 2 scrolls of enchant armour {unknown}
 A - 2 scrolls of butterflies
 D - a scroll of summoning {unknown}
 F - a scroll of magic mapping {unknown}
Potions
 b - 2 potions of attraction {unknown}
 c - a potion of lignification {unknown}
 g - 2 potions of degeneration {unknown}
 h - a potion of berserk rage {unknown}
 j - a potion of resistance {unknown}
 l - 4 potions of brilliance {unknown}
 m - 3 potions of ambrosia {unknown}
 o - 5 potions of curing {unknown}
 p - a potion of flight {unknown}
 q - a potion of might {unknown}
 u - a potion of haste {unknown}
 B - a potion of experience {unknown}


   Skills:
 * Level 9.5 Fighting
 + Level 8.3 Axes
 * Level 7.8 Dodging
 + Level 3.6 Stealth


You had 8 spell levels left.
You didn't know any spells.
Your spell library was empty.

Dungeon Overview and Level Annotations

Branches:
Dungeon (7/15)             Temple (0/1) D:5

Altars:
Elyvilon

Shops:
D:3 *   D:4 :   D:5 *


Innate Abilities, Weirdness & Mutations

You can breathe blasts of noxious fumes.
Your lurid green scales are hard. (AC +7)
You cannot fit into any form of body armour.
Your system is resistant to poisons. (rPois)
You are cold-blooded and may be slowed by cold attacks.


Message History

* * * LOW HITPOINT WARNING * * *
The eight-headed hydra barely misses you.
The eight-headed hydra bites you.
* * * LOW HITPOINT WARNING * * *
You slice one of the eight-headed hydra's heads off!
The seven-headed hydra grows two more!
You hit the nine-headed hydra. You tail-slap the nine-headed hydra!
You punch the nine-headed hydra.
The nine-headed hydra is heavily wounded.
You hack one of the nine-headed hydra's heads off!
The eight-headed hydra grows two more!
You slice the ten-headed hydra!!
The ten-headed hydra is heavily wounded.
The ten-headed hydra closely misses you.
The ten-headed hydra misses you. The ten-headed hydra bites you.
* * * LOW HITPOINT WARNING * * *
The ten-headed hydra bites you.
* * * LOW HITPOINT WARNING * * *
The ten-headed hydra bites you.
* * * LOW HITPOINT WARNING * * *
The ten-headed hydra barely misses you. The ten-headed hydra misses you.
The ten-headed hydra completely misses you.
The ten-headed hydra bites you!
* * * LOW HITPOINT WARNING * * *
The ten-headed hydra bites you but does no damage.
You hack one of the ten-headed hydra's heads off!
The nine-headed hydra grows two more!
You slash the 11-headed hydra! You tail-slap the 11-headed hydra!
The 11-headed hydra is severely wounded.
You hack one of the 11-headed hydra's heads off!
The ten-headed hydra grows two more!
You slash the 12-headed hydra! You tail-slap the 12-headed hydra!
The 12-headed hydra is almost dead.
The 12-headed hydra bites you but does no damage.
The 12-headed hydra bites you.
* * * LOW HITPOINT WARNING * * *
The 12-headed hydra bites you.
* * * LOW HITPOINT WARNING * * *
The 12-headed hydra closely misses you. The 12-headed hydra bites you.
* * * LOW HITPOINT WARNING * * *
The 12-headed hydra bites you!
You die...

#...# #..# ♣P.#
#...# #.## ...#
#...###.# ##..##
##.......###.T.P##
#.....##....PY....#
#.#.......#.......#
#......TY##.....P.#
###.####D##...##P##
#< #@###### ## ##
#.# ..# ####


You could see a 12-headed hydra, a troll and an ice beast.

Vanquished Creatures
  Pikel (D:6)
  Grinder (D:6)
  A troll (D:5)
  2 steam dragons
  Edmund (D:5)
  A black bear (D:6)
  2 ice beasts
  A sky beast (D:7)
  3 orc warriors (D:6)
  4 centaurs
  3 ogres
  A kobold brigand (D:7)
  2 phantoms (D:5)
  Blork the orc (D:6)
  A scorpion (D:5)
  7 orc priests
  3 hounds
  A jelly (D:6)
  5 iguanas
  Terence (D:3)
  Natasha (D:4)
  5 orc wizards
  3 gnolls (D:4)
  11 adders
  A white imp (D:6)
  3 worms (D:2)
  4 dart slugs
  35 orcs
  6 ball pythons
  3 bats (D:2)
  5 endoplasms
  4 giant cockroaches
  A goblin (D:2)
  7 hobgoblins
  4 jackals
  3 quokkas
  6 frilled lizards
  18 kobolds
  7 rats
169 creatures vanquished.

Vanquished Creatures (others)
  6 plants
6 creatures vanquished.

Grand Total: 175 creatures vanquished

Notes
Turn   | Place    | Note
-------+----------+-------------------------------------------
     0 | D:1      | robertstho the Draconian Berserker began the quest for the
                  | Orb.
     0 | D:1      | Reached XP level 1. HP: 19/19 MP: 1/1
   288 | D:1      | Reached XP level 2. HP: 22/26 MP: 2/2
   748 | D:1      | Found a faded altar of an unknown god.
  1297 | D:2      | Reached skill level 4 in Fighting
  1432 | D:2      | Reached XP level 3. HP: 31/33 MP: 3/3
  1761 | D:2      | Reached ** piety under Trog
  2054 | D:2      | Reached XP level 4. HP: 37/41 MP: 4/4
  2444 | D:3      | Noticed an ogre
  2459 | D:3      | Killed an ogre
  2460 | D:3      | Reached XP level 5. HP: 14/47 MP: 5/5
  3111 | D:3      | Found Xeecinom's Assorted Antiques.
  3393 | D:3      | Noticed Terence
  3400 | D:3      | Killed Terence
  3401 | D:3      | Reached skill level 5 in Fighting
  3753 | D:4      | Reached XP level 6. HP: 46/56 MP: 6/6
  3820 | D:4      | Noticed a steam dragon
  3828 | D:4      | Killed a steam dragon
  3829 | D:4      | Reached skill level 1 in Stealth
  3989 | D:4      | Found Vycile's Book Boutique.
  4048 | D:4      | Reached skill level 5 in Axes
  4053 | D:4      | Your scales start taking on a lurid green colour.
  4053 | D:4      | Reached XP level 7. HP: 13/62 MP: 7/7
  4053 | D:4      | Gained mutation: Your system is resistant to poisons.
                  | (rPois) [Green Draconian growth]
  4684 | D:4      | Noticed Natasha
  4693 | D:4      | Killed Natasha
  4819 | D:5      | Entered Level 5 of the Dungeon
  5016 | D:5      | Found Umonkuul's General Store.
  5017 | D:5      | You fall into a shaft and drop 2 floors!
  5175 | D:7      | Reached skill level 6 in Fighting
  5462 | D:7      | Reached skill level 5 in Dodging
  5476 | D:7      | Reached *** piety under Trog
  5477 | D:7      | Reached XP level 8. HP: 25/71 MP: 3/8
  5795 | D:6      | Reached skill level 7 in Fighting
  5954 | D:6      | Noticed Grinder
  5961 | D:6      | Killed Grinder
  6072 | D:6      | Found a white marble altar of Elyvilon.
  6135 | D:6      | Noticed Blork the orc
  6143 | D:6      | Killed Blork the orc
  6384 | D:6      | Reached skill level 8 in Fighting
  6526 | D:6      | Noticed Pikel
  6543 | D:6      | Killed Pikel
  6544 | D:6      | Reached XP level 9. HP: 44/82 MP: 9/9
  7668 | D:5      | Noticed a troll
  7677 | D:5      | Killed a troll
  7678 | D:5      | Reached skill level 9 in Fighting
  7988 | D:5      | Found a staircase to the Ecumenical Temple.
  8222 | D:5      | Bought a scroll of teleportation for 45 gold pieces
  8222 | D:5      | Bought a scroll of butterflies for 60 gold pieces
  8222 | D:5      | Bought a scroll of immolation for 60 gold pieces
  8600 | D:5      | Noticed Edmund
  8606 | D:5      | Killed Edmund
  9064 | D:7      | Noticed a five-headed hydra
  9066 | D:7      | Noticed a troll
  9084 | D:7      | HP: 1/126 [12-headed hydra (6)]
  9084 | D:7      | Mangled by a 12-headed hydra

Illustrated notes

Levels and vault maps discovered:
D:1:      lightli_arrival_statuegarden, layout_basic,
          shapermc_ecumenical_altar_mp_urbaneastern
D:2:      minmay_razor_zed, layout_basic
D:3:      layout_basic, serial_shops, nicolae_shop_window_shopping,
          minmay_misc_feat_alley, uniq_terence
D:4:      layout_basic, serial_shops, nicolae_lakefront_shop,
          hangedman_decor_opposing, minmay_strange_pillars,
          roderic_filled_cross, grunt_ministairs_12, uniq_natasha
D:5:      layout_loops_corners, minmay_temple_entry_tees, serial_shops,
          nicolae_stop_n_shop_1, uniq_edmund
D:6:      layout_loops_ring, kennysheep_mini, grunt_ministairs_7, uniq_grinder,
          uniq_pikel, uniq_blork_the_orc
D:7:      black_bear_nest_2, layout_basic, nicolae_eternal_life,
          hellmonk_guarded_unrand_vines

Skill      XL: |  1  2  3  4  5  6  7  8  9 |
---------------+----------------------------+-----
Dodging        | 3 4 5 6 7 |  7.8
Fighting       | 4 5 6 8 9 |  9.5
Axes           | 4 5 6 7 8 |  8.3
Stealth        | 1 2 3 |  3.6

Action                   |  1- 3 |  4- 6 |  7- 9 || total
-------------------------+-------+-------+-------++-------
Melee: Hand axe          |   115 |   134 |   317 ||   566
       Tailslap          |     8 |    12 |    48 ||    68
       Punch             |     1 |     1 |     7 ||     9
Invok: Berserk           |     2 |     5 |    10 ||    17
  Use: Scroll            |       |       |     6 ||     6
       Potion            |       |       |     4 ||     4
 Stab: Sleeping          |     1 |     2 |     5 ||     8
       Distracted        |       |       |     1 ||     1
Armor: Skin              |    38 |    51 |    93 ||   182
Dodge: Dodged            |    68 |    77 |   237 ||   382
